 Dungeon Crawl Stone Soup version 0.23-a0-180-ga5275e7 (webtiles) character file.

102 Inarius the Skirmisher (level 4, 0/37 HPs)
             Began as a Mummy Fighter on Sept 18, 2018.
             Slain by Grinder (6 damage)
             ... on level 2 of the Dungeon.
             The game lasted 00:03:50 (2320 turns).

Inarius the Skirmisher (Mummy Fighter)              Turns: 2320, Time: 00:03:50

Health: 0/37       AC:  9    Str: 20    XL:     4   Next: 50%
Magic:  4/4        EV:  4    Int:  7    God:
Gold:   150        SH:  8    Dex: 11    Spells: 3/3 levels left

rFire    x . .     SeeInvis .   a - +0 war axe
rCold    + . .     Gourm    .   c - +0 shield
rNeg     + + +     Faith    .   n - +0 chain mail
rPois    ∞         Spirit   .   (no helmet)
rElec    .         Reflect  .   (no cloak)
rCorr    .         Harm     .   (no gloves)
MR       .....                  h - +0 pair of boots
Stlth    ..........             j - amulet of magic regeneration
HPRegen  0.12/turn              b - +5 ring of slaying
MPRegen  0.34/turn              (no ring)

@: heavily drained
A: no food or potions, fire vulnerability, cold resistance 1, negative energy
resistance 3, torment resistance, unbreathing
a: no special abilities


You were on level 2 of the Dungeon.
You were not hungry.

You visited 1 branch of the dungeon, and saw 3 of its levels.

You collected 150 gold pieces.

Inventory:

Hand Weapons
 a - a +0 war axe (weapon)
 l - a cursed -2 whip
 m - a cursed -2 short sword
Armour
 c - a +0 shield (worn)
 h - a +0 pair of boots (worn)
 n - a +0 chain mail (worn)
Jewellery
 b - a +5 ring of slaying (left hand)
 j - an amulet of magic regeneration (around neck)
Scrolls
 d - 2 scrolls of remove curse
 e - a scroll of random uselessness {unknown}
 f - a scroll of identify {unknown}
 g - a scroll of teleportation {unknown}
 i - a scroll of enchant armour {unknown}
 k - a scroll of amnesia {unknown}


   Skills:
 * Level 4.1(2.7) Fighting
 - Level 1.5(0.2) Axes
 + Level 2.9(1.6) Armour
 + Level 3.3(1.9) Shields


You had 3 spell levels left.
You didn't know any spells.
Your spell library was empty.

Dungeon Overview and Level Annotations

Branches:
Dungeon (3/15)

Altars:

Annotations:
D:2 Grinder


Innate Abilities, Weirdness & Mutations

You do not eat or drink.
Your flesh is vulnerable to fire.
You are immune to poison.
Your flesh is cold resistant. (rC+)
You are immune to negative energy. (rN+++)
You are immune to unholy pain and torment.
You can survive without breathing.


Message History

You slash Grinder!
Grinder is moderately wounded.
Grinder hits you.
You closely miss Grinder.
Grinder is moderately wounded.
You block Grinder's attack. Grinder hits you.
* * * LOW HITPOINT WARNING * * *
You closely miss Grinder.
Grinder is moderately wounded.
Grinder hits you.
* * * LOW HITPOINT WARNING * * *
As you read the scroll labeled NIUBLAYTEH, it crumbles to dust.
You feel blessed for a moment.
It was a scroll of remove curse.
Grinder hits you.
* * * LOW HITPOINT WARNING * * *
You barely miss Grinder.
Grinder is moderately wounded.
Grinder gestures at you. You resist with significant effort. Grinder hits you.
You die...

#####.....#.##...# #.# #......
##....#.##.#.# #.###########
######....#.##.#.#
#.#..........
.....#....#.##.#.#
#.#.#########
####.#...##.##.#.#
#.#.#....)...
#.#...##<##.#.####.#.#.#######
#.#.#######........(.........#
#.#.# ###.####.#.#.#####.#
#†#.# #@# #.#.#.......# #.#.#
#5# #.#.######### #.#.# #.#
#.#.# # #.#.# #.# #.#.# #
#<#.# #.####.#.# # ###.#
#......#.######### ######.#
#.######).......†. .......#
### #)######### ######.# #.#


You could see Grinder.

Vanquished Creatures
  3 adders
  A worm (D:3)
  6 dart slugs
  3 giant cockroaches (D:1)
  8 goblins
  5 hobgoblins
  2 jackals (D:2)
  7 kobolds
  2 ball pythons
  8 bats
  7 frilled lizards
  11 rats
63 creatures vanquished.

Notes
Turn   | Place    | Note
-------+----------+-------------------------------------------
     0 | D:1      | Inarius the Mummy Fighter began the quest for the Orb.
     0 | D:1      | Reached XP level 1. HP: 18/18 MP: 1/1
    91 | D:1      | Reached XP level 2. HP: 19/24 MP: 2/2
   433 | D:1      | Reached XP level 3. HP: 29/29 MP: 3/3
  1347 | D:2      | Reached XP level 4. HP: 34/37 MP: 4/4
  2197 | D:3      | Reached skill level 4 in Fighting
  2291 | D:3      | Noticed Grinder
  2297 | D:3      | Paralysed by Grinder for 4 turns
  2320 | D:2      | Slain by Grinder

Vault maps used:
D:1:      scummos_arrival_checkerplants, minmay_misc_feat_x, minmay_pentomino_z4
D:3:      lemuel_coloured_pillars_altar, first_ration, uniq_grinder

Skill      XL: |  1  2  3  4 |
---------------+-------------+-----
Shields        | 3 |  3.3
Fighting       | 4 |  4.1
Axes           | |  1.5
Armour         | |  2.9

Action                   |  1- 3 |  4- 6 || total
-------------------------+-------+-------++-------
Melee: War axe           |   165 |    68 ||   233
Throw: Stone             |     5 |       ||     5
  Use: Scroll            |       |     1 ||     1
Armor: Scale mail        |    90 |    12 ||   102
       Chain mail        |       |    20 ||    20
Dodge: Dodged            |    59 |    11 ||    70
Block: Shield            |   120 |    33 ||   153

Table legend:
 A = Non-vault XP
 B = Vault XP
 C = Vault XP percentage of total XP
 D = Non-vault monster count
 E = Vault monster count
 F = Vault count percentage of total count
                 A         B        C        D         E       F
            +---------+---------+-------+---------+---------+-------
      Total |     144 |       3 |   2.0 |      61 |       2 |   3.2
            +---------+---------+-------+---------+---------+-------
        D:1 |      62 |       3 |   4.6 |      32 |       2 |   5.9
        D:2 |      47 |       0 |   0.0 |      23 |       0 |   0.0
        D:3 |      35 |       0 |   0.0 |       6 |       0 |   0.0
            +---------+---------+-------+---------+---------+-------
